 Dungeon Crawl Stone Soup version 0.30-a0-723-gc1506a1cf0 (webtiles) character file.

Game seed: 12882352130749328761

129 Leeroy the Grasshopper (level 5, -1/43 HPs)
             Began as a Gnoll Warper on Jan 28, 2023.
             Slain by Sigmund
             ... wielding a +4 scythe of protection
              (3 damage)
             ... on level 2 of the Dungeon.
             The game lasted 00:02:53 (1744 turns).

Leeroy the Grasshopper (Gnoll Warper)               Turns: 1744, Time: 00:02:53

Health: -1/43      AC:  3    Str: 10    XL:     5   Next: 12%
Magic:  7/12       EV: 13    Int: 12    God:
Gold:   105        SH:  0    Dex: 14    Spells: 5/14 levels left

rFire   . . .      SeeInvis .    h - +2 dagger (drain)
rCold   . . .      Faith    .    (no shield)
rNeg    . . .      Spirit   .    b - +0 leather armour
rPois   .          Reflect  .    (no helmet)
rElec   .          Harm     .    (no cloak)
rCorr   .          Rampage  .    (no gloves)
Will    .....                    (no boots)
Stlth   ++                       (no amulet)
HPRegen 0.27/turn                (no ring)
MPRegen 0.13/turn                (no ring)

@: on blink cooldown
A: fangs 1, strong nose, distributed training
a: no special abilities


You were on level 2 of the Dungeon.
You visited 1 branch of the dungeon, and saw 3 of its levels.

You collected 105 gold pieces.

Inventory:

Hand Weapons
 a - a +0 falchion
 f - a +1 dagger of draining
 h - a +2 dagger of draining (weapon)
 j - a +0 short sword of draining
 m - a +0 whip of flaming
 n - a +3 dagger
Missiles
 d - 7 boomerangs of dispersal (quivered)
 g - 6 poisoned darts
Armour
 b - a +0 leather armour (worn)
Jewellery
 p - a ring of fire
Scrolls
 c - a scroll of blinking
 e - a scroll of teleportation {unknown}
 k - a scroll of immolation {unknown}
 l - a scroll of torment {unknown}
Potions
 i - a potion of brilliance {unknown}
 o - a potion of heal wounds {unknown}


   Skills:
 + Level 4.7 Fighting
 + Level 1.4 Short Blades
 + Level 4.7 Long Blades
 + Level 1.4 Axes
 + Level 1.4 Maces & Flails
 + Level 1.4 Polearms
 + Level 1.4 Staves
 + Level 1.4 Ranged Weapons
 + Level 2.9 Throwing
 + Level 2.9 Armour
 + Level 4.7 Dodging
 + Level 1.4 Stealth
 + Level 1.4 Shields
 + Level 1.4 Unarmed Combat
 + Level 5.2 Spellcasting
 + Level 1.1 Conjurations
 + Level 1.1 Hexes
 + Level 1.1 Summonings
 + Level 1.1 Necromancy
 + Level 5.5 Translocations
 + Level 1.1 Transmutations
 + Level 1.1 Fire Magic
 + Level 1.1 Ice Magic
 + Level 1.1 Air Magic
 + Level 1.1 Earth Magic
 + Level 1.1 Poison Magic
 + Level 1.6 Invocations
 + Level 1.4 Evocations


You had 5 spell levels left.
You knew the following spells:

 Your Spells              Type           Power      Damage    Failure   Level
a - Blink                 Tloc           32%        N/A       4%          2
b - Vhi's Electric Charg  Tloc/Air       22%        N/A       21%         3
c - Manifold Assault      Tloc           16%        N/A       26%         4

Your spell library contained the following spells:

 Spells                   Type           Power      Damage    Failure   Level
 Lesser Beckoning         Tloc           32%        N/A       4%          2
 Teleport Other           Tloc           16%        N/A       8%          3


Dungeon Overview and Level Annotations

Branches:
Dungeon (3/15)

Altars:
Trog

Annotations:
D:2 Sigmund, Terence
D:3 Pargi


Innate Abilities, Weirdness & Mutations

You have very sharp teeth.
Your uncanny sense of smell can sniff out nearby items.
Your experience applies equally to all skills.


Message History

The jackal dies!
The bolt of light hits you!
* * * LOW HITPOINT WARNING * * *
Casting: Vhi's Electric Charge (quite dangerous; 21% risk of failure)
Confirm with . or Enter, or press ? or * to list all spells.
You blink.
Terence looks scornfully at you.
You feel stable enough to blink again.
Terence zaps a wand.
The bolt of light hits you!
You are confused.
* * * LOW HITPOINT WARNING * * *
You bump into the rock wall.
A hobgoblin comes into view.
You feel less confused.
The hobgoblin shouts!
You hit the hobgoblin but do no damage. You drain the hobgoblin.
The hobgoblin is severely wounded.
The hobgoblin misses you.
You barely miss the hobgoblin.
The hobgoblin is severely wounded.
The hobgoblin hits you but does no damage.
Casting: Blink (safe; 4% risk of failure)
Confirm with . or Enter, or press ? or * to list all spells.
You blink.
Terence zaps a wand.
The bolt of light hits the hobgoblin!
The hobgoblin dies!
The bolt of light misses you.
You feel stable enough to blink again.
A goblin comes into view. It is wielding a +0 club.
Sigmund shouts!
The goblin closely misses you.
You hit the goblin.
You kill the goblin!
Sigmund hits you from afar with a +4 scythe of protection.
* * * LOW HITPOINT WARNING * * *
Casting: Blink (safe; 4% risk of failure)
Confirm with . or Enter, or press ? or * to list all spells.
You blink.
Sigmund hits you from afar with a +4 scythe of protection.
You die...

########
###########.......
#....@......######
#ยง########### #)#
### #@# ########..
#.# #......... #@#
#.###.#### #.# #.#
#.# # #.# #.# #.#
#.# #.# #.# #.#
#.# #.# #.# #.#
#.#
#.#######.###.####
#..>...##.#.#.....
######.......##.#.


You could see Sigmund.

Vanquished Creatures
  Natasha (D:2)
  5 adders (D:2)
  A worm (D:2)
  A dart slug (D:2)
  5 bats
  5 endoplasms
  A giant cockroach (D:2)
  7 goblins
  A hobgoblin (D:1)
  2 quokkas
  5 ball pythons
  6 frilled lizards
  7 kobolds
  8 rats
  A spectral hobgoblin (D:2)
56 creatures vanquished.

Vanquished Creatures (others)
  A hobgoblin (D:2)
  2 jackals (D:2)
3 creatures vanquished.

Grand Total: 59 creatures vanquished

Notes
Turn   | Place    | Note
-------+----------+-------------------------------------------
     0 | D:1      | Leeroy the Gnoll Warper began the quest for the Orb.
     0 | D:1      | Reached XP level 1. HP: 20/20 MP: 6/6
   136 | D:1      | Reached XP level 2. HP: 19/26 MP: 7/7
   627 | D:1      | Reached skill level 5 in Spellcasting
   627 | D:1      | Reached XP level 3. HP: 27/27 MP: 7/9
   855 | D:2      | Reached skill level 1 in Invocations
   878 | D:2      | Noticed Terence
   980 | D:2      | Noticed Natasha
   980 | D:2      | You fall into a shaft and drop 1 floor!
   985 | D:3      | Noticed Pargi
   997 | D:2      | Reached skill level 1 in Short Blades
   997 | D:2      | Reached skill level 1 in Axes
   997 | D:2      | Reached skill level 1 in Maces & Flails
   997 | D:2      | Reached skill level 1 in Polearms
   997 | D:2      | Reached skill level 1 in Staves
   997 | D:2      | Reached skill level 1 in Ranged Weapons
   997 | D:2      | Reached skill level 1 in Stealth
   997 | D:2      | Reached skill level 1 in Shields
   997 | D:2      | Reached skill level 1 in Unarmed Combat
   997 | D:2      | Reached skill level 1 in Evocations
  1004 | D:2      | Reached XP level 4. HP: 13/38 MP: 11/11
  1266 | D:2      | Killed Natasha
  1267 | D:2      | Reached skill level 1 in Conjurations
  1267 | D:2      | Reached skill level 1 in Hexes
  1267 | D:2      | Reached skill level 1 in Summonings
  1267 | D:2      | Reached skill level 1 in Necromancy
  1267 | D:2      | Reached skill level 1 in Transmutations
  1267 | D:2      | Reached skill level 1 in Fire Magic
  1267 | D:2      | Reached skill level 1 in Ice Magic
  1267 | D:2      | Reached skill level 1 in Air Magic
  1267 | D:2      | Reached skill level 1 in Earth Magic
  1267 | D:2      | Reached skill level 1 in Poison Magic
  1316 | D:2      | Reached XP level 5. HP: 16/43 MP: 12/12
  1431 | D:2      | Found a bloodstained altar of Trog.
  1510 | D:2      | Found a faded altar of an unknown god.
  1609 | D:2      | Learned a level 2 spell: Blink
  1621 | D:2      | Learned a level 3 spell: Vhi's Electric Charge
  1626 | D:2      | Learned a level 4 spell: Manifold Assault
  1675 | D:2      | Noticed Sigmund
  1723 | D:2      | HP: 1/43 [Terence/bolt of light (8)]
  1742 | D:2      | HP: 2/43 [Sigmund/+4 scythe of protection (4)]
  1744 | D:2      | Slain by Sigmund

Illustrated notes

Levels and vault maps discovered:
D:1:      elethiomel_arrival_diamonds, layout_rooms,
          chequers_serial_rivers_room_a, hangedman_decor_opposing
D:2:      layout_loops_ring, basic_altar,
          dreamdust_ecumenical_altar_drowned_temple, uniq_sigmund, uniq_terence,
          uniq_natasha
D:3:      layout_rooms, minmay_misc_feat_room, uniq_pargi

Skill      XL: |  1  2  3  4 |
---------------+-------------+-----
Spellcasting   | 5 |  5.2
Invocations    | 1 |  1.6
Short Blades   | 1 |  1.4
Axes           | 1 |  1.4
Maces & Flails | 1 |  1.4
Polearms       | 1 |  1.4
Staves         | 1 |  1.4
Ranged Weapons | 1 |  1.4
Stealth        | 1 |  1.4
Shields        | 1 |  1.4
Unarmed Combat | 1 |  1.4
Evocations     | 1 |  1.4
Conjurations   | 1 |  1.1
Hexes          | 1 |  1.1
Summonings     | 1 |  1.1
Necromancy     | 1 |  1.1
Transmutations | 1 |  1.1
Fire Magic     | 1 |  1.1
Ice Magic      | 1 |  1.1
Air Magic      | 1 |  1.1
Earth Magic    | 1 |  1.1
Poison Magic   | 1 |  1.1
Fighting       | |  4.7
Long Blades    | |  4.7
Throwing       | |  2.9
Armour         | |  2.9
Dodging        | |  4.7
Translocations | |  5.5

Action                     |  1- 3 |  4- 6 || total
---------------------------+-------+-------++-------
  Melee: Falchion          |    44 |       ||    44
         Bite              |     7 |     6 ||    13
         Dagger            |    68 |    74 ||   142
         Punch             |     2 |     1 ||     3
   Cast: Blink             |       |     3 ||     3
         Vhi's Electric Ch |       |     1 ||     1
   Stab: Sleeping          |       |     1 ||     1
 Armour: Leather armour    |    37 |    14 ||    51
  Dodge: Dodged            |    74 |    41 ||   115

Table legend: (Time is in decaauts)
 A = Elapsed time spent in this place.
 B = Non-inter-level travel time spent in this place.
 C = Inter-level travel time spent in this place.
 D = Time resting spent in this place.
 E = Time spent auto-exploring this place.
 F = Levels seen in this place.
 G = Mean time per level.
                   A        B        C        D        E       F      G
               +--------+--------+--------+--------+--------+-----+--------+
         Total |   1747 |   1739 |      8 |    283 |    957 |   3 |  582.3 |
       Dungeon |   1747 |   1739 |      8 |    283 |    957 |   3 |  582.3 |
               +--------+--------+--------+--------+--------+-----+--------+

Top non-repeatable levels by time:
     D:1: 914 daAuts
     D:2: 818 daAuts
     D:3: 14 daAuts
